 Dungeon Crawl Stone Soup version 0.30.1-9-gdf580d7c3d (webtiles) character file.

Game seed: 5697480566303778062

3873 booth the Cleaver (level 10, -8/88 HPs)
             Began as a Grey Draconian Monk on Oct 16, 2023.
             Mangled by a yak (10 damage)
             ... on level 9 of the Dungeon.
             The game lasted 00:49:47 (8227 turns).

booth the Cleaver (Grey Draconian Monk)             Turns: 8227, Time: 00:49:47

Health: -8/88      AC: 14    Str: 16    XL:     10   Next: 0%
Magic:  0/10       EV: 20    Int: 10    God:
Gold:   324        SH:  0    Dex: 16    Spells: 9/9 levels left

rFire   . . .        a - +3 hand axe
rCold   . . .        (no shield)
rNeg    . . .        (body armour unavailable)
rPois   .            (helmet restricted)
rElec   .            (no cloak)
rCorr   .            n - +0 pair of gloves
SInv    .            i - +0 pair of boots
Will    .....        f - amulet of guardian spirit
Stlth   +            o - +5 ring of evasion
HPRegen 0.34/turn    (no ring)
MPRegen 0.12/turn

%: guardian spirit
@: weak-willed
A: AC +12, amphibious, unfitting armour, cold-blooded
a: no special abilities


You were on level 9 of the Dungeon.
You visited 2 branches of the dungeon, and saw 10 of its levels.

You collected 324 gold pieces.

Inventory:

Hand Weapons
 a - a +3 hand axe (weapon)
 k - a +1 heavy war axe
 u - a +0 mace
 E - a +1 flail of protection
Missiles
 r - 14 poisoned darts
 t - 4 javelins
 w - a throwing net (quivered)
 y - 4 curare-tipped darts
Armour
 c - an orb of light
 i - a +0 pair of boots (worn)
 n - a +0 pair of gloves (worn)
Jewellery
 f - an amulet of guardian spirit (around neck)
 o - a +5 ring of evasion (left hand)
 q - an amulet of reflection
 C - a +5 ring of evasion
Wands
 l - a wand of paralysis (5)
 z - a wand of roots (6)
 B - a wand of flame (13)
Scrolls
 d - a scroll of teleportation
 e - 5 scrolls of poison
 A - a scroll of amnesia
Potions
 b - a potion of ambrosia
 m - 2 potions of lignification
 s - a potion of brilliance
 v - 3 potions of attraction


   Skills:
 + Level 7.9 Fighting
 * Level 9.6 Axes
 + Level 5.6 Throwing
 + Level 6.5 Dodging


You had 9 spell levels left.
You didn't know any spells.
Your spell library contained the following spells:

 Spells                   Type           Power      Damage    Failure   Level
 Ensorcelled Hibernation  Hex/Ice        0%         N/A       50%         2
 Sublimation of Blood     Necr           0%         N/A       50%         2
 Spider Form              Tmut/Pois      0%         N/A       75%         3
 Anguish                  Hex/Necr       0%         N/A       98%         4
 Leda's Liquefaction      Hex/Erth       0%         N/A       98%         4
 Petrify                  Tmut/Erth      0%         N/A       98%         4
 Irradiate                Conj/Tmut      0%         3d11      100%        5
 Lee's Rapid Deconstruct  Erth           0%         3d4*      100%        5
 Statue Form              Tmut/Erth      0%         N/A       100%        6


Dungeon Overview and Level Annotations

Branches:
Dungeon (9/15)             Temple (1/1) D:4            Lair (0/5) D:8
    Orc: D:9-12

Altars:
Ashenzari
Cheibriados
Dithmenos
Elyvilon
Fedhas
Gozag
Hepliaklqana
Kikubaaqudgha
Makhleb
Nemelex Xobeh
Okawaru
Qazlal
Ru
Sif Muna
Trog
Uskayaw
Vehumet
Wu Jian
Xom
Yredelemnul
Zin
The Shining One

Shops:
D:4 (

Annotations:
D:7 1 runed translucent door, Crazy Yiuf


Innate Abilities, Weirdness & Mutations

Your dull iron-grey scales are very hard. (AC +12)
You are amphibious.
You cannot fit into any form of body armour.
You are cold-blooded and may be slowed by cold attacks.


Message History

The gnoll shouts!
You hear a shout!
There is a stone staircase leading up here.
A killer bee comes into view.
Found a robe.
The killer bee buzzes angrily.
You hear an angry buzzing noise. x2
A killer bee comes into view. x2
The killer bee buzzes angrily.
The killer bee buzzes angrily.
A killer bee comes into view. x2
The killer bee stings you but does no damage.
The killer bee attacks as you move away!
The killer bee barely misses you.
The killer bee attacks as you move away!
The killer bee completely misses you. x2
The killer bee barely misses you.
There is a stone staircase leading down here.
The killer bee misses you. The killer bee stings you.
* * * LOW HITPOINT WARNING * * *
The gnoll misses you.
The killer bee stings you but does no damage.
The killer bee completely misses you.
You climb downwards.
There is a stone staircase leading up here.
As you read the scroll labelled MIUGAI DUWIKH, it crumbles to dust.
The creatures around you are filled with an inner flame!
It was a scroll of immolation.
The killer bee stings you but does no damage.
The gnoll hits you but does no damage. The killer bee barely misses you.
The yak bellows!
As you read the scroll labelled MERHYDWUAT, it crumbles to dust.
The yak bellows!
Magic quickly surges around you.
It was a scroll of vulnerability.
The killer bee completely misses you. The gnoll misses you. The yak misses you.
The killer bee completely misses you.
As you read the scroll labelled RYMIMA XYSOPS, it crumbles to dust.
It is a scroll of enchant weapon.
Your +0 heavy war axe glows red for a moment.
The killer bee barely misses you. The gnoll misses you.
The killer bee closely misses you. The yak gores you!
You die...

# #.
.####
.Y.
##y#
#Y@#
#Y#g#
# #y#
...
.#.
#. ..
#. ..
..
..#


You could see 3 yaks, 2 killer bees and a gnoll (inner flame, weak-willed).

Vanquished Creatures
  An elephant (D:8)
  Maggie (D:7)
  A yak (D:8)
  A basilisk (D:8)
  2 water moccasins (D:6)
  2 sky beasts (D:6)
  5 black bears
  3 ice beasts
  An ogre (D:6)
  A phantom (D:5)
  A kobold brigand (D:6)
  3 bullfrogs
  5 scorpions
  4 wights (D:6)
  A howler monkey (D:7)
  A jelly (D:7)
  2 gnoll boudas
  An orc priest (D:5)
  5 hounds
  3 iguanas
  Ijyb (D:3)
  7 orc wizards
  15 gnolls
  5 adders
  A shadow imp (D:5)
  3 white imps
  4 ufetubi
  6 worms
  21 orcs
  9 ball pythons
  9 endoplasms
  7 giant cockroaches
  10 goblins
  5 hobgoblins
  3 jackals (D:3)
  6 quokkas
  7 bats
  3 frilled lizards
  16 kobolds
  8 rats
  A spectral goblin (D:2)
191 creatures vanquished.

Notes
Turn   | Place    | Note
-------+----------+-------------------------------------------
     0 | D:1      | booth the Draconian Monk began the quest for the Orb.
     0 | D:1      | Reached XP level 1. HP: 19/19 MP: 1/1
   218 | D:1      | Reached XP level 2. HP: 21/26 MP: 2/2
   449 | D:1      | Reached XP level 3. HP: 31/33 MP: 3/3
  1037 | D:2      | Found a shimmering altar of Xom.
  1413 | D:2      | Found a faded altar of an unknown god.
  1486 | D:2      | Reached skill level 1 in Throwing
  1788 | D:3      | Noticed Ijyb
  1792 | D:3      | Paralysed by Ijyb for 2 turns
  1809 | D:3      | Paralysed by Ijyb for 4 turns
  1813 | D:3      | Killed Ijyb
  1814 | D:3      | Reached XP level 4. HP: 30/40 MP: 4/4
  1905 | D:3      | Noticed a black bear
  1919 | D:3      | Killed a black bear
  1920 | D:3      | Reached skill level 4 in Axes
  1920 | D:3      | Reached XP level 5. HP: 44/46 MP: 5/5
  2943 | D:4      | Reached XP level 6. HP: 48/53 MP: 4/6
  2964 | D:4      | Reached skill level 5 in Axes
  3139 | D:4      | Found a staircase to the Ecumenical Temple.
  3157 | Temple   | Entered the Ecumenical Temple
  3561 | D:4      | Found Rityech's Weapon Boutique.
  3578 | D:4      | Noticed a moth of wrath
  3601 | D:4      | Found a bloodstained altar of Trog.
  4161 | D:5      | Entered Level 5 of the Dungeon
  4177 | D:5      | Reached skill level 5 in Fighting
  4177 | D:5      | Your scales start taking on a dull iron-grey colour.
  4177 | D:5      | Reached XP level 7. HP: 58/61 MP: 7/7
  4315 | D:5      | Reached skill level 6 in Axes
  5098 | D:6      | Reached XP level 8. HP: 63/70 MP: 6/8
  5480 | D:6      | Reached skill level 7 in Axes
  5480 | D:6      | Reached skill level 5 in Dodging
  6123 | D:6      | Reached skill level 8 in Axes
  6123 | D:6      | Reached XP level 9. HP: 66/78 MP: 9/9
  6924 | D:7      | Noticed Maggie
  6960 | D:7      | Killed Maggie
  6961 | D:7      | Reached skill level 5 in Throwing
  7142 | D:7      | Reached skill level 9 in Axes
  7211 | D:7      | Found a runed translucent door.
  7212 | D:7      | Noticed Crazy Yiuf
  7846 | D:8      | Noticed an elephant
  7878 | D:8      | Killed an elephant
  7931 | D:8      | Found a staircase to the Lair.
  7989 | D:8      | Reached XP level 10. HP: 84/88 MP: 10/10
  8185 | D:7      | HP: 2/88 [vampire (4)]
  8193 | D:7      | HP: 2/88 [something (3)]
  8207 | D:7      | HP: 1/88 [something (4)]
  8213 | D:8      | HP: 1/88 [fell downstairs (1)]
  8223 | D:8      | HP: 1/88 [killer bee (4)]
  8227 | D:9      | Mangled by a yak

Illustrated notes

Levels and vault maps discovered:
D:1:      beargit_arrival_diablo_church, layout_basic, minmay_tetromino_i4
D:2:      layout_rooms, dreamdust_ecumenical_altar_drowned_temple, basic_altar,
          minmay_misc_feat_pillars
D:3:      layout_rooms, minmay_divided_ellipse, uniq_ijyb
D:4:      layout_basic, tgw_trog, temple_hall, serial_shops,
          nicolae_shop_behind_doors
D:5:      layout_basic
D:6:      layout_basic
D:7:      layout_gridville, uniq_crazy_yiuf_cottage, uniq_maggie
D:8:      layout_rooms, david_lair_generic
D:9:      layout_loops_ring, hellmonk_ghost_big_iron, kennysheep_small_circle,
          uniq_amaemon
Temple:   roderic_octagonal_lattice_temple

Skill      XL: |  1  2  3  4  5  6  7  8  9 |
---------------+----------------------------+-----
Dodging        | 3 4 5 6 |  6.5
Throwing       | 1 2 3 4 5 |  5.6
Fighting       | 4 5 6 7 |  7.9
Axes           | 4 5 6 8 9 |  9.6

Action                     |  1- 3 |  4- 6 |  7- 9 | 10-12 || total
---------------------------+-------+-------+-------+-------++-------
  Melee: Hand axe          |   139 |   200 |   522 |    37 ||   898
         Tailslap          |    18 |    38 |    83 |    10 ||   149
         Punch             |       |       |     9 |       ||     9
  Throw: Javelin           |     3 |     9 |    32 |     1 ||    45
         Dart              |       |       |     3 |       ||     3
  Evoke: Wand              |       |       |     3 |       ||     3
    Use: Scroll            |     3 |     4 |     7 |     4 ||    18
         Potion            |     1 |     3 |     5 |       ||     9
 Armour: Skin              |    36 |    55 |   183 |    29 ||   303
  Dodge: Dodged            |    79 |   180 |   443 |    40 ||   742
